 Dungeon Crawl Stone Soup version 0.17-a0-15-g0155121 (webtiles) character file.

14 Ololoev the Skirmisher (level 2, -3/24 HPs)
             Began as a Formicid Wanderer on Mar 5, 2015.
             Slain by a hobgoblin
             ... wielding a +0 club
              (4 damage)
             ... on level 1 of the Dungeon.
             The game lasted 00:01:54 (509 turns).

Ololoev the Skirmisher (Formicid Wanderer)           Turns: 509, Time: 00:01:54

Health: -3/24      AC:  2    Str: 14    XL:     2   Next: 55%
Magic:  3/3        EV: 11    Int: 11    God:
Gold:   44         SH:  0    Dex: 12    Spells: 0 memorised, 1 level left

rFire  . . .     SeeInvis +     b - +0 whip
rCold  . . .     Clarity  .     d - +0 robe
rNeg   . . .     SustAb   .     (no shield)
rPois  .         Gourm    .     (helmet unavailable)
rElec  .         Spirit   .     (no cloak)
rCorr  .         Warding  .     (no gloves)
rMut   .         Stasis   +     (no boots)
MR     .....                    (no amulet)
Stlth  ++........               (no ring)
                                (no ring)

@: not resistant to hostile enchantments, unstealthy
A: permanent stasis, dig shafts and tunnels, four strong arms, antennae 3
a: Dig, Shaft Self


You were on level 1 of the Dungeon.
You were not hungry.

You visited 1 branch of the dungeon, and saw 1 of its levels.

You collected 44 gold pieces.

Notes
Turn   | Place    | Note
--------------------------------------------------------------
     0 | D:1      | Ololoev, the Formicid Wanderer, began the quest for the Orb.
     0 | D:1      | Ololoev set off with: a potion of lignification, a +0 robe, a +0 club, a bread ration
     0 | D:1      | Reached XP level 1. HP: 18/18 MP: 1/1
   275 | D:1      | Reached XP level 2. HP: 24/24 MP: 3/3
   506 | D:1      | HP: 1/24 [hobgoblin/club (5)]
   509 | D:1      | Slain by a hobgoblin

Inventory:

Hand weapons
 b - a +0 whip (weapon)
Armour
 d - a +0 robe (worn)
Scrolls
 e - a scroll of identify {unknown}
Potions
 c - a potion of lignification
 g - a potion of curing {unknown}
Comestibles
 a - a meat ration
 f - a bread ration

Table legend:
 A = Turns spent in this place as a percentage of turns spent in the entire game.
 B = Non-inter-level travel turns spent in this place as a percentage of non-inter-level travel turns spent in the entire game.
 C = Inter-level travel turns spent in this place as a percentage of turns spent in this place.
 D = Turns resting spent in this place as a percentage of non-inter-level travel turns spent in this place.
 E = Turns spent auto-exploring this place as a percentage of non-inter-level travel turns spent in this place.
 F = Non-inter-level travel turns spent in this place divided by the number of levels of this place that you've seen.
                   A       B       C       D       E      F
               +-------+-------+-------+-------+-------+----------------------
         Total | 100.0 | 100.0 |   0.0 |   2.6 |   6.6 | 227.0
       Dungeon | 100.0 | 100.0 |   0.0 |   2.6 |   6.6 | 227.0
               +-------+-------+-------+-------+-------+----------------------


   Skills:
 - Level 3.2 Fighting
 + Level 3.0 Maces & Flails
 - Level 1.2 Stealth
   Level 1.2 Shields
 - Level 2.0 Unarmed Combat
   Level 1.1 Evocations


You had one spell level left.
You didn't know any spells.

Dungeon Overview and Level Annotations

Branches:
Dungeon (1/15)

Altars:


Innate Abilities, Weirdness & Mutations

You are under a permanent stasis effect.
You can dig through walls and to a lower floor.
Your four strong arms can wield two-handed weapons with a shield.
You have a pair of large antennae on your head (SInv).


Message History

The hobgoblin throws a stone.
The stone hits you.
You see here a stone.
The bat hits you but does no damage. x2
The hobgoblin throws a stone.
The stone closely misses you. The bat hits you. The bat barely misses you.
The bat hits you but does no damage.
You completely miss the bat. The bat hits you. The bat hits you.
The hobgoblin throws a stone.
The stone hits you.
You see here a stone.
The bat closely misses you.
The hobgoblin throws a stone.
The stone hits you but does no damage.
You see here a stone.
The bat closely misses you.
The hobgoblin throws a stone.
The stone hits you.
You see here a stone.
You hit the bat.
The bat is heavily wounded.
The bat hits you but does no damage.
The hobgoblin throws a stone.
The stone hits you but does no damage. The bat hits you.
The hobgoblin throws a stone.
The stone misses you.
The hobgoblin throws a stone.
The stone closely misses you.
The stone closely misses the bat.
The bat hits you. The bat barely misses you.
The hobgoblin throws a stone.
The stone hits you.
You see here a stone.
The bat closely misses you. The hobgoblin hits you with a club.
You barely miss the hobgoblin. The bat closely misses you.
The hobgoblin closely misses you. The bat hits you but does no damage.
You barely miss the hobgoblin. The bat hits you.
The hobgoblin closely misses you.
You completely miss the hobgoblin. The hobgoblin hits you with a club.
You hit the hobgoblin.
The hobgoblin is moderately wounded.
The bat hits you but does no damage. The bat barely misses you.
The hobgoblin misses you.
You closely miss the hobgoblin.
The hobgoblin is moderately wounded.
The bat hits you but does no damage.
You hit the hobgoblin but do no damage.
The hobgoblin is moderately wounded.
The bat barely misses you. The hobgoblin hits you with a club.
You die...

#............#...###..#.
...#..#.#######.#.#.###....
..(..............#.#.##..###
##.###.#(#######............
...........#................
#.....!..(#.###...........>
#..#......(...#............
#.....(#...b#.#............
###..(..(..(@g# #............
........(.###.# .............
..............###............
##...#......................
#...#......................
###...≈≈≈≈≈≈≈≈≈≈≈≈≈≈≈≈≈≈≈≈≈
#...≈≈≈≈≈≈≈≈≈≈≈≈≈≈≈≈≈≈≈≈≈
#...≈≈≈≈≈≈≈≈≈≈≈≈≈≈≈≈≈≈≈≈≈
#...≈≈≈#'#'#≈≈≈≈ #'#'#≈


You could see a hobgoblin and a bat.

Table legend:
 A = Kills in this place as a percentage of kills in entire the game.
 B = Kills by you in this place as a percentage of kills by you in the entire game.
 C = Kills by friends in this place as a percentage of kills by friends in the entire game.
 D = Other kills in this place as a percentage of other kills in the entire game.
 E = Experience gained in this place as a percentage of experience gained in the entire game.
 F = Experience gained in this place divided by the number of levels of this place that you have seen.
                   A       B       C       D       E      F
               +-------+-------+-------+-------+-------+----------------------
         Total | 100.0 | 100.0 |  -nan |  -nan | 100.0 |  20.0
       Dungeon | 100.0 | 100.0 |  -nan |  -nan | 100.0 |  20.0
               +-------+-------+-------+-------+-------+----------------------

Vanquished Creatures
  A giant gecko (D:1)
  3 oozes (D:1)
  2 giant cockroaches (D:1)
  A bat (D:1)
  2 goblins (D:1)
  A kobold (D:1)
10 creatures vanquished.

Action                   || total
-------------------------++-------
Melee: Whip              ||    44
       Club              ||    14
 Stab: Sleeping          ||     2

Vault maps used:
D:1:      dpeg_arrival_castle, serial_glass, glass_columns_a, glass_columns_a,
          due_unseen_surprise
